 Dungeon Crawl Stone Soup version 0.28.0 (webtiles) character file.

Game seed: 3900716654058520938

99 fragbeetle the Stinger (level 4, -1/21 HPs)
             Began as a Spriggan Venom Mage on Feb 12, 2022.
             Killed by divine providence
             ... invoked by an orc priest
              (9 damage)
             ... on level 3 of the Dungeon.
             The game lasted 00:05:55 (2215 turns).

fragbeetle the Stinger (Spriggan Venom Mage)        Turns: 2215, Time: 00:05:55

Health: -1/21      AC:  2    Str:  4    XL:     4   Next: 45%
Magic:  7/9        EV: 17    Int: 18    God:
Gold:   102        SH:  0    Dex: 15    Spells: 2/8 levels left

rFire   . . .      SeeInvis +   m - +0 short sword
rCold   . . .      Faith    .   (no shield)
rNeg    . . .      Spirit   .   a - +0 robe
rPois   .          Reflect  .   (helmet restricted)
rElec   .          Harm     .   (no cloak)
rCorr   .          Rampage  .   (gloves unavailable)
Will    .....                   (boots unavailable)
Stlth   ++........              (no amulet)
HPRegen 0.07/turn               (no ring)
MPRegen 0.11/turn               (no ring)

@: very quick
A: very small, no large weapons, unfitting armour, see invisible, speed 3
a: no special abilities


You were on level 3 of the Dungeon.
You visited 1 branch of the dungeon, and saw 3 of its levels.

You collected 102 gold pieces.

Inventory:

Hand Weapons
 m - a +0 short sword (weapon)
Armour
 a - a +0 robe (worn)
Magical Staves
 d - a staff of earth
Scrolls
 c - 2 scrolls of teleportation {unknown}
 g - a scroll of enchant armour {unknown}
 i - 2 scrolls of identify {unknown}
 j - 3 scrolls of noise {unknown}
 l - a scroll of vulnerability {unknown}
Potions
 b - 3 potions of flight {unknown}
 e - 3 potions of curing {unknown}
 f - a potion of heal wounds {unknown}
 h - a potion of haste {unknown}
 k - a potion of attraction {unknown}


   Skills:
 - Level 2.6 Dodging
 - Level 3.0 Stealth
 - Level 2.6 Spellcasting
 - Level 4.1 Transmutations
 * Level 0.1 Air Magic
 * Level 4.3 Poison Magic


You had 2 spell levels left.
You knew the following spells:

 Your Spells              Type           Power      Damage    Failure   Level
a - Sting                 Tmut/Pois      68%        1d6       3%          1
b - Poisonous Vapours     Pois/Air       20%        N/A       11%         2
c - Mephitic Cloud        Conj/Pois/Air  7%         N/A       28%         3

Your spell library contained the following spells:

 Spells                   Type           Power      Damage    Failure   Level
 Olgreb's Toxic Radiance  Pois           17%        N/A       28%         4


Dungeon Overview and Level Annotations

Branches:
Dungeon (3/15)

Altars:


Innate Abilities, Weirdness & Mutations

You are very small and have problems with some larger weapons.
You are too small for most types of armour.
You have supernaturally acute eyesight. (SInv)
You cover ground extremely quickly. (Speed+++)


Message History

Aim: a goblin, wielding a +0 dagger Poisonous vapours surround the goblin!
The goblin is poisoned.
Unknown command.
You hit the goblin.
You kill the goblin!
No target in view!
Things that are here:
a +0 dagger; a dart slug corpse
Things that are here:
a +0 short sword; a kobold corpse
m - a +0 short sword
m - a +0 short sword (weapon)
You drop a +0 dagger.
Your magical contamination has completely faded away.
The sting hits the goblin.
The goblin is poisoned.
You kill the goblin!
Things that are here:
a +0 dagger; a staff of earth; a goblin corpse An orc wizard comes into view.
It is wielding a +0 dagger.
Things that are here:
a +0 dagger; a staff of earth; a goblin corpse
d - a staff of earth An orc priest comes into view.
It is wielding a +0 falchion.
The orc priest moves out of view.
The orc priest shouts!
An orc comes into view.
It is wielding a +0 short sword of venom.
The sting hits the orc priest but does no damage.
The orc priest is poisoned.
The orc shouts!
The orc wizard shouts!
The sting hits the orc priest.
The orc priest looks even sicker.
The orc priest is lightly wounded.
The orc priest calls down the wrath of Beogh upon you.
Pain shoots through your body!
The orc priest invokes the aid of Beogh against you.
Pain shoots through your body!
Ouch! That really hurt!
You see here a rat skeleton.
The orc priest invokes the aid of Beogh against you.
Beogh smites you!
You die...

#^#....#### ##.# #....#
#.####.# ###..# #....#
#..###.# #...## #)...#
##...#.# #.### #....#
###.#.# ##.# #....#
#.#.####..# ####....#
#.....##.########.......#
###.#....#........##....#
#.....รท....@.############
#.##o##.####.##.<.#
#####.#..##.# #......#
#.....oo##..# ###....#
#......##..## ##...#
#.....<...# #...#
##>.....#### #...#
........# #...# ........#
#...#


You could see an orc priest (poisoned).

Vanquished Creatures
  An iguana (D:3)
  2 adders (D:2)
  3 worms (D:2)
  2 dart slugs
  2 orcs (D:3)
  2 endoplasms (D:2)
  2 giant cockroaches (D:2)
  5 goblins
  4 hobgoblins
  2 jackals (D:2)
  5 kobolds
  3 quokkas
  A ball python (D:1)
  A frilled lizard (D:2)
  8 rats
43 creatures vanquished.

Notes
Turn   | Place    | Note
-------+----------+-------------------------------------------
     0 | D:1      | fragbeetle the Spriggan Venom Mage began the quest for the
                  | Orb.
     0 | D:1      | Reached XP level 1. HP: 9/9 MP: 5/5
    56 | D:1      | You fall into a shaft and drop 1 floor!
   188 | D:2      | Reached XP level 2. HP: 13/13 MP: 3/6
   604 | D:1      | Found a faded altar of an unknown god.
   783 | D:2      | Learned a level 2 spell: Poisonous Vapours
   995 | D:2      | Reached XP level 3. HP: 16/16 MP: 5/8
  1757 | D:3      | Reached XP level 4. HP: 21/21 MP: 3/9
  1969 | D:3      | Learned a level 3 spell: Mephitic Cloud
  2215 | D:3      | Killed from afar by an orc priest

Illustrated notes

Levels and vault maps discovered:
D:1:      dpeg_arrival_simpleton_c, layout_rooms,
          hellmonk_ecumenical_altar_run_dry, grunt_decor_one_mirror
D:2:      layout_loops_ring
D:3:      layout_rooms, serial_shops, nicolae_diamond_shop,
          hangedman_glass_teeth, grunt_ministairs_12,
          ebering_dispersal_statue_hall

Skill      XL: |  1  2  3 |
---------------+----------+-----
Transmutations | 2 3 4 |  4.1
Poison Magic   | 4 |  4.3
Dodging        | |  2.6
Stealth        | |  3.0
Spellcasting   | |  2.6
Air Magic      | |  0.1

Action                   |  1- 3 |  4- 6 || total
-------------------------+-------+-------++-------
Melee: Dagger            |    28 |    11 ||    39
       Punch             |     1 |       ||     1
 Cast: Sting             |    46 |    14 ||    60
       Poisonous Vapours |     3 |     3 ||     6
 Stab: Sleeping          |     4 |       ||     4
Armor: Robe              |     6 |     1 ||     7
Dodge: Dodged            |    15 |     7 ||    22
